 Dungeon Crawl Stone Soup version 0.24.0-123-gd5b16e6ec5 (webtiles) character file.

Game seed: 2819119167760584797, levelgen mode: deterministic

2811 Ponchio the Unseen (level 9, -4/39 HPs)
             Began as a Spriggan Earth Elementalist on Dec 19, 2019.
             Was an Initiate of Dithmenos.
             Slain by a catoblepas (11 damage)
             ... while petrified by you
             ... on level 8 of the Dungeon.
             The game lasted 00:50:54 (12077 turns).

Ponchio the Unseen (Spriggan Earth Elementalist)   Turns: 12077, Time: 00:50:54

Health: -4/39      AC:  4    Str:  6    XL:     9   Next: 44%
Magic:  12/17      EV:  4    Int: 20    God:    Dithmenos [......]
Gold:   168        SH:  0    Dex: 16    Spells: 7/17 levels left

rFire    . . .     SeeInvis +   e - +1 dagger
rCold    . . .     Gourm    .   (shield restricted)
rNeg     + + +     Faith    .   c - +0 robe
rPois    ∞         Spirit   .   (helmet restricted)
rElec    .         Reflect  .   n - +1 cloak {MR+}
rCorr    .         Harm     .   (gloves unavailable)
MR       ++...                  (boots unavailable)
Stlth    ++++++....             (no amulet)
HPRegen  0.13/turn              t - +1 ring of evasion
MPRegen  0.15/turn              (no ring)

@: petrified, very slightly contaminated, very quick
A: very small, unfitting armour, antennae 1, see invisible, herbivore, speed 3,
slow metabolism 2, strong 1, wild magic 1
a: Renounce Religion


You were on level 8 of the Dungeon.
You worshipped Dithmenos.
Dithmenos was noncommittal.
You were very hungry.

You visited 2 branches of the dungeon, and saw 9 of its levels.

You collected 168 gold pieces.

Inventory:

Hand Weapons
 a - the +8 glaive of Inconvenience {holy, *Drain Str+5 Dex+3, unknown}
   (You found it on level 8 of the Dungeon)

   It has been blessed by the Shining One to cause great damage to the undead
   and demons.
   It affects your strength (+5).
   It affects your dexterity (+3).
   It causes draining when unequipped.
 e - a +1 dagger (weapon)
Armour
 c - a +0 robe (worn)
 f - a +1 centaur barding
 m - a +0 pair of gloves
 n - a +1 cloak of magic resistance (worn)
Jewellery
 o - an uncursed ring of ice
 t - a +1 ring of evasion (left hand)
 u - an uncursed amulet of guardian spirit
Wands
 r - a wand of iceblast (8)
 s - a wand of paralysis (4)
Scrolls
 g - 2 scrolls of remove curse
 k - 3 scrolls of blinking
 p - 3 scrolls of teleportation
 v - a scroll of magic mapping {unknown}
Potions
 b - a potion of resistance
 h - a potion of berserk rage
 i - a potion of degeneration {unknown}
 j - 3 potions of flight
 l - 3 potions of might
 q - a potion of haste {unknown}
Comestibles
 d - 4 rations


   Skills:
 - Level 7.9 Dodging
 - Level 16.0 Stealth
 + Level 4.8 Spellcasting
 - Level 1.3 Transmutations
 + Level 4.1 Earth Magic


You had 7 spell levels left.
You knew the following spells:

 Your Spells              Type           Power        Failure   Level  Hunger
a - Sandblast             Erth           ####..       4%          1    None
b - Passwall              Tmut/Erth      ###.....     10%         2    #......
c - Stone Arrow           Conj/Erth      ###...       22%         3    ##.....
d - Petrify               Tmut/Erth      ###.....     45%         4    ####...

Your spell library contained the following spells:

 Spells                   Type           Power        Failure   Level  Hunger
 Summon Small Mammal      Summ           #...         17%         1    None
 Summon Guardian Golem    Hex/Summ       #.......     43%         3    ##.....
 Lee's Rapid Deconstruct  Erth           ####......   61%         5    ######.
 Aura of Abjuration       Summ           #.........   98%         5    ######.
 Summon Hydra             Summ           #.........   100%        7    #######


Dungeon Overview and Level Annotations

Branches:
Dungeon (8/15)             Temple (1/1) D:6
   Lair: D:8-11

Altars:
Ashenzari
Cheibriados
Dithmenos
Elyvilon
Fedhas
Gozag
Hepliaklqana
Kikubaaqudgha
Makhleb
Nemelex Xobeh
Okawaru
Qazlal
Ru
Sif Muna
Trog
Uskayaw
Vehumet
Wu Jian
Xom
Yredelemnul

Shops:
D:4 (

Annotations:
D:2 Ijyb
D:3 1 runed translucent door, Crazy Yiuf, Grinder


Innate Abilities, Weirdness & Mutations

You are very small and have problems with some larger weapons.
You are too small for most types of armour.
You have supernaturally acute eyesight. (SInv)
You are a herbivore.
You cover ground extremely quickly.
You need to consume almost no food.
You have a pair of small antennae on your head.
Your muscles are strong. (Str +2)
Your spells are a little harder to cast, but a little more powerful.


Message History

Nothing appears to happen.
You are engulfed in calcifying dust.
You are slowing down.
The catoblepas breathes a plume of calcifying dust at you.
The blast of calcifying dust hits you.
You hit the catoblepas.
The catoblepas is almost dead.
You are engulfed in calcifying dust.
Your limbs have turned to stone.
The catoblepas gores you.
The catoblepas breathes a plume of calcifying dust at you.
The blast of calcifying dust hits you!
You have turned to stone.
You are engulfed in calcifying dust.
The catoblepas breathes a plume of calcifying dust at you.
The blast of calcifying dust hits you. The catoblepas gores you!!
* * * LOW HITPOINT WARNING * * *
The catoblepas breathes a plume of calcifying dust at you.
The blast of calcifying dust hits you.
* * * LOW HITPOINT WARNING * * *
You are engulfed in calcifying dust.
The catoblepas gores you!!
You die...

#########
........#
#######.##
#..############
#.............#
#.##########..#
#.#o......Y#..#
#.#⌠......@#..#
#.#.._.._.§#..#
..+⌠......§'..#
#. #########..#
#$$$ #..# #...
#..# ##. ...#
#8 ...# ...#


You could see a catoblepas and an orc warrior (sleeping).

Vanquished Creatures
  Pikel (D:7)
  Joseph (D:8)
  A hungry ghost (D:7)
  A slave (D:7)
  A black bear (D:8)
  A phantom (D:7)
  5 ogres
  4 bullfrogs
  A scorpion (D:4)
  5 killer bees
  2 howler monkeys
  2 crimson imps
  3 bullfrog zombies
  A centaur zombie (D:5)
  An orc wizard (D:7)
  A centaur skeleton (D:4)
  An orc priest (D:7)
  A bullfrog skeleton (D:5)
  A jelly (D:5)
  Terence (D:2)
  5 worker ants
  4 gnolls (D:3)
  11 adders
  An adder skeleton (D:5)
  3 worms
  3 dart slugs
  9 leopard geckos
  15 orcs
  A ball python (D:4)
  7 giant cockroaches
  6 goblins
  9 hobgoblins
  6 jackals
  A quokka (D:3)
  5 bats
  2 frilled lizards
  4 kobolds
  A quokka skeleton (D:4)
  A quokka zombie (D:6)
  10 rats
139 creatures vanquished.

Vanquished Creatures (others)
  A killer bee (D:6)
  A shadow imp (D:7)
  9 fungi (D:8)
  2 plants (D:8)
  A withered plant (D:7)
14 creatures vanquished.

Grand Total: 153 creatures vanquished

Notes
Turn   | Place    | Note
-------+----------+-------------------------------------------
     0 | D:1      | Ponchio the Spriggan Earth Elementalist began the quest for
                  | the Orb.
     0 | D:1      | Reached XP level 1. HP: 9/9 MP: 5/5
   381 | D:1      | Reached skill level 4 in Stealth
   432 | D:1      | Reached XP level 2. HP: 13/13 MP: 6/6
   840 | D:1      | Reached skill level 5 in Stealth
   910 | D:2      | Reached XP level 3. HP: 12/16 MP: 2/8
  1254 | D:2      | Reached skill level 6 in Stealth
  1772 | D:2      | Noticed Terence
  1775 | D:2      | Killed Terence
  1775 | D:2      | Reached skill level 7 in Stealth
  1775 | D:2      | Reached XP level 4. HP: 13/21 MP: 7/9
  2289 | D:3      | Found an iron altar of Okawaru.
  2289 | D:3      | Found a sacrificial altar of Ru.
  2297 | D:3      | Found an ancient bone altar of Kikubaaqudgha.
  2300 | D:3      | Found a white marble altar of Elyvilon.
  2302 | D:3      | Found a blossoming altar of Fedhas.
  2480 | D:3      | Noticed Grinder
  2481 | D:3      | Noticed Ijyb
  3158 | D:3      | Found a runed translucent door.
  3159 | D:3      | Noticed Crazy Yiuf
  3597 | D:3      | Reached skill level 8 in Stealth
  3601 | D:3      | Reached XP level 5. HP: 24/24 MP: 3/10
  3977 | D:3      | Learned a level 2 spell: Passwall
  3981 | D:3      | Learned a level 3 spell: Stone Arrow
  4798 | D:4      | Reached skill level 9 in Stealth
  5104 | D:4      | Reached skill level 10 in Stealth
  5104 | D:4      | Reached XP level 6. HP: 28/28 MP: 11/11
  5121 | D:4      | Reached skill level 11 in Stealth
  5344 | D:4      | Found a sparkling altar of Nemelex Xobeh.
  5531 | D:4      | Reached XP level 7. HP: 23/32 MP: 12/12
  5678 | D:4      | Gained mutation: You expend magic power (3 MP) to
                  | strengthen your wands. [potion of mutation]
  5678 | D:4      | Gained mutation: You are dopey. (Int -2) [potion of
                  | mutation]
  5678 | D:4      | Gained mutation: Your movements are slightly less
                  | encumbered by armour. (ER -2) [potion of mutation]
  5679 | D:4      | Lost mutation: You are dopey. (Int -2) [potion of mutation]
  5679 | D:4      | Lost mutation: You expend magic power (3 MP) to strengthen
                  | your wands. [potion of mutation]
  5679 | D:4      | Gained mutation: Your spells are a little harder to cast,
                  | but a little more powerful. [potion of mutation]
  5679 | D:4      | Gained mutation: You possess an exceptional clarity of
                  | mind. [potion of mutation]
  5679 | D:4      | Gained mutation: You expend magic power (3 MP) to
                  | strengthen your wands. [potion of mutation]
  5680 | D:4      | Lost mutation: You expend magic power (3 MP) to strengthen
                  | your wands. [potion of mutation]
  5680 | D:4      | Lost mutation: You possess an exceptional clarity of mind.
                  | [potion of mutation]
  5680 | D:4      | Lost mutation: Your movements are slightly less encumbered
                  | by armour. (ER -2) [potion of mutation]
  5680 | D:4      | Lost mutation: Your spells are a little harder to cast, but
                  | a little more powerful. [potion of mutation]
  5680 | D:4      | Gained mutation: Your spells are a little harder to cast,
                  | but a little more powerful. [potion of mutation]
  5680 | D:4      | Gained mutation: Your muscles are strong. (Str +2) [potion
                  | of mutation]
  5680 | D:4      | Gained mutation: You have a pair of small antennae on your
                  | head. [potion of mutation]
  5694 | D:4      | Found Pavih's Weapon Emporium.
  5906 | D:4      | Found a bloodstained altar of Trog.
  5940 | D:5      | Entered Level 5 of the Dungeon
  6128 | D:5      | Found a shimmering altar of Xom.
  6130 | D:5      | Found a hazy altar of Hepliaklqana.
  6130 | D:5      | Noticed an unseen horror
  6131 | D:5      | Noticed an unseen horror
  6131 | D:5      | Noticed a spectral ugly thing
  6186 | D:5      | Reached skill level 12 in Stealth
  6585 | D:5      | Found a shimmering blue altar of Sif Muna.
  7055 | D:5      | Reached skill level 13 in Stealth
  7403 | D:6      | Found a shattered altar of Ashenzari.
  7469 | D:6      | Found a staircase to the Ecumenical Temple.
  7492 | Temple   | Entered the Ecumenical Temple
  8167 | D:6      | Reached XP level 8. HP: 23/36 MP: 4/13
  8459 | D:7      | Reached skill level 14 in Stealth
  8561 | D:7      | Found a basalt altar of Yredelemnul.
  8759 | D:7      | Reached skill level 15 in Stealth
  8803 | D:7      | Noticed Pikel
  9031 | D:7      | Reached skill level 16 in Stealth
  9853 | D:7      | Learned a level 4 spell: Petrify
  9870 | D:7      | Killed Pikel
  9870 | D:7      | Reached XP level 9. HP: 39/39 MP: 7/14
  9924 | D:7      | Identified a scroll of acquirement
 11531 | D:8      | Got a bloodstained glaive
 11586 | D:8      | Noticed Joseph
 11590 | D:8      | Killed Joseph
 11865 | Temple   | Became a worshipper of Dithmenos the Shadowed
 12060 | D:8      | Identified the Papyrus of Summoning
 12067 | D:8      | Found a stormy altar of Qazlal.
 12067 | D:8      | Found a hazy altar of Hepliaklqana.
 12067 | D:8      | Noticed a catoblepas
 12077 | D:8      | Slain by a catoblepas

Levels and vault maps discovered:
D:1:      lightli_arrival_boilingwater, layout_loops_ring
D:2:      layout_loops_ring, serial_forest, infiniplex_forest_clump_small,
          infiniplex_forest_3_way, infiniplex_forest_end_3,
          infiniplex_forest_fountain, infiniplex_forest_straight_1,
          grunt_decor_mini_mirrors, uniq_terence
D:3:      layout_basic, chequers_temple_overflow_minitemple, first_ration,
          gup_sewer_entry_spiral, uniq_crazy_yiuf_cottage, uniq_grinder,
          uniq_ijyb
D:4:      layout_basic, nicolae_overflow_crystal_walls,
          lemuel_coloured_pillars_altar, serial_shops, shop,
          hangedman_decor_peaks_small
D:5:      layout_rooms, led_sif_pool, regret_index_temple_of_mockery
D:6:      layout_basic, minmay_temple_entry_water_ring,
          cheibrodos_ashenzari_chains
D:7:      layout_rooms, yredelemnul_altar_generic,
          chequers_serial_rivers_micro_a, uniq_pikel
D:8:      layout_loops_ring, due_lair_maze_entry_diamond, jmf_multi_god_temple,
          uniq_joseph
Temple:   dpeg_three_leaves_temple

Skill      XL: |  1  2  3  4  5  6  7  8  9 |
---------------+----------------------------+-----
Stealth        | 4 5 7 8 10 11 13 16 | 16.0
Dodging        | 7 |  7.9
Spellcasting   | 4 |  4.8
Earth Magic    | 4 |  4.1
Transmutations | |  1.3

Action                   |  1- 3 |  4- 6 |  7- 9 || total
-------------------------+-------+-------+-------++-------
Melee: Unarmed           |     7 |       |       ||     7
       Dagger            |    77 |   122 |   208 ||   407
 Cast: Sandblast         |    26 |    46 |    83 ||   155
       Stone Arrow       |       |     8 |    31 ||    39
  Use: Scroll            |       |     7 |    11 ||    18
       Potion            |       |       |     4 ||     4
 Stab: Sleeping          |     8 |    16 |    18 ||    42
       Distracted        |       |       |     3 ||     3
  Eat: Ration            |       |     1 |     6 ||     7
Armor: Robe              |     4 |    29 |    33 ||    66
Dodge: Dodged            |    56 |   146 |   271 ||   473
